 Dungeon Crawl Stone Soup version 0.28-a0-1395-g4f6bc678fa (webtiles) character file.

Game seed: 10769369620547404581

674 tilp the Chiller (level 7, 34/34 HPs)
             Began as a Felid Ice Elementalist on Jan 4, 2022.
             Was a Follower of Dithmenos.
             Quit the game on level 6 of the Dungeon.
             The game lasted 00:11:48 (8193 turns).

tilp the Chiller (Felid Ice Elementalist)           Turns: 8193, Time: 00:11:48

Health: 34/34      AC:  2    Str:  4    XL:     7   Next: 33%
Magic:  12/12      EV: 18    Int: 25    God:    Dithmenos [*.....]
Gold:   140        SH:  0    Dex: 16    Spells: 1/12 levels left
                                        Lives:  1   Deaths: 1

rFire   . . .      SeeInvis +     - Unarmed
rCold   . . .      Faith    .   (shield unavailable)
rNeg    . . .      Spirit   .   (armour unavailable)
rPois   .          Reflect  .   (helmet unavailable)
rElec   .          Harm     .   (cloak unavailable)
rCorr   .          Rampage  .   (gloves unavailable)
Will    +....                   (boots unavailable)
Stlth   +++.......              n - amulet of regeneration
HPRegen 0.91/turn               f - +6 ring of intelligence
MPRegen 0.13/turn               (no ring)

@: wreathed by umbra, quick
A: very small, claws 1, fangs 3, see invisible, speed 1, shaggy fur 2, stealthy
paws, no weapons or thrown items, no armour, multi-lived
a: Renounce Religion


You were on level 6 of the Dungeon.
You worshipped Dithmenos.
Dithmenos was aware of your devotion.
You visited 2 branches of the dungeon, and saw 7 of its levels.

You collected 266 gold pieces.
You spent 126 gold pieces at shops.

Inventory:

Jewellery
 f - a +6 ring of intelligence (left paw)
 n - an amulet of regeneration (around neck)
Scrolls
 a - 3 scrolls of blinking
 b - a scroll of summoning
 c - a scroll of fear
 d - 3 scrolls of teleportation
 g - a scroll of identify
Potions
 e - 3 potions of haste
 h - a potion of lignification
 i - a potion of heal wounds
 j - a potion of flight
 k - a potion of magic
 l - a potion of invisibility
 m - a potion of might


   Skills:
 + Level 6.0 Fighting
 - Level 4.0 Dodging
 - Level 4.0 Stealth
 - Level 4.0 Unarmed Combat
 + Level 3.1 Spellcasting
 + Level 0.5 Conjurations
 + Level 6.0 Ice Magic


You had one spell level left.
You knew the following spells:

 Your Spells              Type           Power      Damage    Failure   Level
a - Freeze                Ice            100%       1d11      1%          1
b - Frozen Ramparts       Ice            68%        1d8       2%          3
c - Ozocubu's Armour      Ice            34%        N/A       2%          3
d - Hailstorm             Conj/Ice       20%        3d6       26%         4

Your spell library contained the following spells:

 Spells                   Type           Power      Damage    Failure   Level
 Apportation              Tloc           6%         N/A       10%         1
 Call Canine Familiar     Summ           3%         N/A       30%         3
 Leda's Liquefaction      Hex/Erth       1%         N/A       69%         4
 Alistair's Intoxication  Tmut/Pois      2%         N/A       95%         5
 Borgnjor's Revivificati  Necr           1%         N/A       100%        8
 Necromutation            Tmut/Necr      1%         N/A       100%        8
 Chain Lightning          Conj/Air       2%         3d3       100%        9
 Death's Door             Necr           1%         N/A       100%        9
 Fire Storm               Conj/Fire      2%         8d1       100%        9
 Shatter                  Erth           1%         3d6*      100%        9
 Portal Projectile        Hex/Tloc       Unusable   N/A       N/A         3

Dungeon Overview and Level Annotations

Branches:
Dungeon (6/15)             Temple (1/1) D:4

Altars:
Ashenzari
Dithmenos
Elyvilon
Fedhas
Gozag
Hepliaklqana
Kikubaaqudgha
Makhleb
Nemelex Xobeh
Okawaru
Qazlal
Ru
Sif Muna
Trog
Uskayaw
Vehumet
Xom
Zin
The Shining One

Shops:
D:2 [   D:3 ?   D:5 :

Annotations:
D:3 1 runed translucent door, exclusion: statue, Noname's ghost, weakling DsWz


Innate Abilities, Weirdness & Mutations

You have sharp claws.
You have razor-sharp teeth.
You have supernaturally acute eyesight. (SInv)
You cover ground quickly. (Speed+)
You are covered in thick fur. (AC +2)
Your paws help you pounce on unaware monsters.
You are incapable of wielding weapons or throwing items.
You cannot wear armour.
You gain extra lives every three experience levels.


Message History

You are engulfed in a cloud of scalding steam.
The heat melts your icy armour.
Unknown command.
You are engulfed in a cloud of scalding steam.
The wall freezes the steam dragon!
The wall freezes the steam dragon.
The steam dragon misses you. x2
The heat melts your icy armour.
Casting: Ozocubu's Armour (dangerous; 2% risk of failure)
Confirm with . or Enter, or press ? or * to list all spells.
Aiming: Freeze (safe; 1% risk of failure)
Press: ? - help, Shift-Dir - straight line, f - steam dragon
Aim: a steam dragon (moderately wounded, umbra)
You freeze the steam dragon.
The steam dragon is heavily wounded.
The wall freezes the steam dragon.
The steam dragon breathes steam at you. The ball of steam hits you.
The heat melts your icy armour.
Casting: Freeze (safe; 1% risk of failure)
Confirm with . or Enter, or press ? or * to list all spells.
Aiming: Freeze (safe; 1% risk of failure)
Press: ? - help, Shift-Dir - straight line, f/p - steam dragon
Aim: a steam dragon (severely wounded, umbra)
You freeze the steam dragon.
The steam dragon is severely wounded.
You are engulfed in a cloud of scalding steam.
The wall freezes the steam dragon.
The steam dragon breathes steam at you. The ball of steam hits you!!
Your icy armour melts away.
Ouch! That really hurt!
You die...
The heat melts your icy armour.
You are now level 7!
You rejoin the land of the living...
Found a potion of heal wounds and 14 gold pieces.
Unknown command.
Unknown command.
Unknown command.
Are you sure you want to abandon this character and quit the game? (Confirm with "yes".)

#####
#....
##.... #.#
##.....
#####....#
##......
#.@.....!.
#.......
#.........
#.......
#....$....
#.......
#.........
##......
#.........
##.....#
##########
#.......
#.......
#.......
##.....#


There were no monsters in sight!

Vanquished Creatures
  2 sky beasts (D:6)
  A black bear (D:5)
  An ice beast (D:5)
  An ogre (D:5)
  A necrophage (D:6)
  2 phantoms
  A howler monkey (D:5)
  3 hounds (D:5)
  2 orc priests
  A gnoll shaman (D:4)
  2 jellies
  Terence (D:3)
  An iguana (D:5)
  Natasha (thrice) (D:3)
  An orc wizard (D:5)
  8 gnolls
  An adder (D:2)
  A shadow imp (D:4)
  A white imp (D:6)
  An ufetubus (D:3)
  2 adder skeletons
  3 worms
  A dart slug (D:1)
  7 orcs
  7 endoplasms
  10 giant cockroaches
  8 goblins
  4 hobgoblins
  2 jackals (D:4)
  6 quokkas
  3 ball pythons
  5 bats
  3 frilled lizards
  6 kobolds
  10 rats
112 creatures vanquished.

Notes
Turn   | Place    | Note
-------+----------+-------------------------------------------
     0 | D:1      | tilp the Felid Ice Elementalist began the quest for the
                  | Orb.
     0 | D:1      | Reached XP level 1. HP: 7/7 MP: 4/4
    38 | D:1      | Found a faded altar of an unknown god.
   251 | D:1      | Reached XP level 2. HP: 6/12 MP: 1/6
   978 | D:1      | Reached skill level 1 in Fighting
  1562 | D:2      | Reached XP level 3. HP: 9/15 MP: 3/7
  1566 | D:2      | Learned a level 3 spell: Frozen Ramparts
  2173 | D:2      | Reached XP level 4. HP: 13/19 MP: 2/8
  2362 | D:2      | Found Esool's Antique Armour Boutique.
  2379 | D:2      | Learned a level 3 spell: Ozocubu's Armour
  2768 | D:3      | Found Ysuola's Magic Scroll Emporium.
  2865 | D:3      | Bought a scroll of fear for 38 gold pieces
  2865 | D:3      | Bought a scroll of teleportation for 33 gold pieces
  2865 | D:3      | Bought a scroll of noise for 11 gold pieces
  3105 | D:3      | Found a radiant altar of Vehumet.
  3105 | D:3      | Noticed a charred statue
  3142 | D:3      | Found a runed translucent door.
  3144 | D:3      | Noticed Noname's ghost (weakling DsWz)
  3151 | D:3      | Noticed Terence
  3158 | D:3      | Killed Terence
  3295 | D:3      | Found a blossoming altar of Fedhas.
  3367 | D:3      | Noticed Natasha
  3374 | D:3      | Killed Natasha
  3375 | D:3      | Reached skill level 5 in Ice Magic
  3375 | D:3      | Reached XP level 5. HP: 19/22 MP: 6/10
  3607 | D:3      | Bought a scroll of identify for 22 gold pieces
  3607 | D:3      | Bought a scroll of identify for 22 gold pieces
  3640 | D:3      | Found a radiant altar of Vehumet.
  3654 | D:3      | Noticed Natasha
  3662 | D:3      | Killed Natasha
  3921 | D:3      | Found a blossoming altar of Fedhas.
  4023 | D:3      | Found a runed translucent door.
  4076 | D:3      | Noticed Natasha
  4088 | D:3      | Killed Natasha
  4589 | D:4      | Gained mutation: You are covered in thick fur. (AC +2)
                  | [Felid growth]
  4589 | D:4      | Reached XP level 6. HP: 26/26 MP: 2/11
  4825 | D:4      | Found a staircase to the Ecumenical Temple.
  4836 | Temple   | Entered the Ecumenical Temple
  5132 | Temple   | Became a worshipper of Dithmenos the Shadowed
  5404 | D:4      | Learned a level 4 spell: Hailstorm
  5886 | D:5      | Entered Level 5 of the Dungeon
  6160 | D:5      | Found Duulau's Book Shoppe.
  6171 | D:5      | Reached skill level 1 in Unarmed Combat
  6188 | D:5      | Reached XP level 7. HP: 17/31 MP: 1/12
  6726 | D:5      | Identified the +11 scale mail "Hixkiod" {rF- rN+ Int+3}
  7324 | D:5      | Reached skill level 5 in Fighting
  7441 | D:5      | HP: 1/33 [ice beast (11)]
  7814 | D:5      | Reached XP level 8. HP: 37/37 MP: 6/13
  7961 | D:6      | Reached * piety under Dithmenos
  8192 | D:6      | Killed from afar by a steam dragon
  8193 | D:6      | Reached XP level 7. HP: -3/34 MP: 6/12
  8193 | D:6      | Quit the game

Illustrated notes

Levels and vault maps discovered:
D:1:      wander_arrival_estate, layout_loops_corners,
          dreamdust_ecumenical_altar_statues, minmay_heptomino_d4
D:2:      layout_loops_ring, serial_shops, shop
D:3:      minmay_roachtagon, layout_basic, mainiacjoe_overflow_24_doors,
          vehumet_statue, ebering_ghost_reflecting_pool, serial_shops,
          nicolae_square_shop, uniq_natasha, uniq_terence
D:4:      layout_basic, minmay_temple_entry_statues_fountains
D:5:      layout_rooms, serial_shops, shop, grunt_ministairs_10,
          minmay_misc_feat_five, chequers_serial_rivers_large_b
D:6:      layout_rooms, serial_shops, nicolae_shop_competitors_out_of_business,
          uniq_eustachio
Temple:   minmay_temple_bridge_d

Skill      XL: |  1  2  3  4  5  6  7  8 |
---------------+-------------------------+-----
Ice Magic      | 4 5 6 |  6.0
Fighting       | 1 2 3 5 6 |  6.0
Spellcasting   | 3 |  3.1
Dodging        | 3 4 |  4.0
Stealth        | 3 4 |  4.0
Unarmed Combat | 1 3 4 |  4.0
Conjurations   | |  0.5

Action                   |  1- 3 |  4- 6 |  7- 9 || total
-------------------------+-------+-------+-------++-------
Melee: Unarmed           |    18 |    53 |   100 ||   171
       Bite              |     3 |     1 |     7 ||    11
       Punch             |       |       |     3 ||     3
 Cast: Freeze            |    39 |    25 |    15 ||    79
       Frozen Ramparts   |     3 |    22 |    11 ||    36
       Ozocubu's Armour  |       |    12 |    15 ||    27
       Hailstorm         |       |       |     3 ||     3
  Use: Scroll            |     1 |     7 |     2 ||    10
       Potion            |       |       |     1 ||     1
 Stab: Sleeping          |     6 |     5 |       ||    11
Armor: Skin              |     1 |    12 |    23 ||    36
Dodge: Dodged            |    28 |    68 |    81 ||   177

Table legend: (Time is in decaauts)
 A = Elapsed time spent in this place.
 B = Non-inter-level travel time spent in this place.
 C = Inter-level travel time spent in this place.
 D = Time resting spent in this place.
 E = Time spent auto-exploring this place.
 F = Levels seen in this place.
 G = Mean time per level.
                   A        B        C        D        E       F      G
               +--------+--------+--------+--------+--------+-----+--------+
         Total |   7413 |   7019 |    394 |   1402 |   4577 |   7 | 1059.0 |
       Dungeon |   7066 |   6787 |    279 |   1402 |   4408 |   6 | 1177.7 |
        Temple |    346 |    231 |    115 |      0 |    169 |   1 |  346.0 |
               +--------+--------+--------+--------+--------+-----+--------+

Top non-repeatable levels by time:
     D:3: 1796 daAuts
     D:4: 1442 daAuts
     D:1: 1395 daAuts
     D:2: 1108 daAuts
     D:5: 1054 daAuts
  Temple: 346 daAuts
     D:6: 269 daAuts
